AoeStats
← NotGG

Black Forest

510147990Analyzed
4v4 RM · 4d ago on Sep 29, 2026· 49m 58s· 8 players
Game mode
Random Map
Map size
Large (8 player)
Population
200
Speed
Normal
Resources
Standard
Victory
Conquest
Starting age
Dark Age
Ending age
Imperial Age
RankedLock teamsTeams togetherTeam positionsShared explorationLock speedFull tech treeHidden civsTurbo modeCheats
Victory
Defeat
🇹🇷 Turks · Türkiye
1265
+16
🇹🇷 Italians · Türkiye
1260
+16
1235
+17
🇹🇷 Persians · Türkiye
1215
+18
🇫🇮 Mongols · Finland
1295
-18
🇹🇭 Hindustanis · Thailand
1263
-17
🇦🇷 Bohemians · Argentina
1250
-16
🇻🇪 Lithuanians · Venezuela
1235
-16
WiSeMaN
3:55 Loom
11:24 Feudal Age
16:02 Castle Age
14:16 Double-Bit Axe
14:48 Horse Collar
14:50 Fishing Lines
17:09 Bow Saw
17:47 Gillnets
21:52 Stone Mining
23:42 Wheelbarrow
24:13 Heavy Plow
29:13 Imperial Age
27:25 Hand Cart
27:11 Gold Mining
27:39 Scale Barding Armor
27:51 Husbandry
28:15 Bloodlines
28:16 Forging
29:49 Chain Barding Armor
29:21 Heavy Camel Rider
31:14 Plate Barding Armor
31:39 Iron Casting
31:13 Imperial Camel Rider
32:05 Town Watch
33:32 Gold Shaft Mining
33:34 Stone Shaft Mining
34:25 Blast Furnace
35:22 Conscription
35:06 Grand Trunk Road
35:20 Caravan
37:22 Ballistics
38:02 Chemistry
37:04 Padded Archer Armor
36:54 Fletching
39:34 Bodkin Arrow
39:40 Murder Holes
40:01 Masonry
39:45 Elite Ghulam
40:27 Bracer
40:42 Leather Archer Armor
40:46 Shatagni
kim.henrik.himanen69
11:21 Feudal Age
12:21 Double-Bit Axe
15:00 Castle Age
14:15 Fishing Lines
15:55 Gillnets
16:17 Bow Saw
16:45 Town Watch
23:17 Horse Collar
24:51 Wheelbarrow
25:11 Gold Mining
26:28 Heavy Plow
30:14 Imperial Age
27:43 Stone Mining
28:34 Gold Shaft Mining
28:23 Fletching
28:58 Ballistics
29:41 Fortified Wall
29:31 Bodkin Arrow
30:53 Hand Cart
30:23 Loom
30:56 Padded Archer Armor
31:48 Bracer
32:53 Chemistry
31:35 Elite Mangudai
33:17 Parthian Tactics
32:58 Thumb Ring
32:55 Husbandry
33:05 Bloodlines
33:37 Heavy Cavalry Archer
37:00 Stone Shaft Mining
36:57 Masonry
39:50 Siege Engineers
40:10 Onager
41:24 Conscription
41:40 Hoardings
44:50 Drill
43:54 Siege Onager
NotGG
0:43 Loom
8:58 Feudal Age
9:35 Double-Bit Axe
14:34 Town Watch
17:05 Castle Age
19:07 Fervor
19:26 Bow Saw
18:57 Horse Collar
22:26 Chemistry
Yampi
1:08 Loom
11:38 Feudal Age
14:01 Double-Bit Axe
16:32 Castle Age
16:40 Fletching
16:52 Horse Collar
26:39 Wheelbarrow
31:29 Imperial Age
29:24 Gold Mining
30:27 Scale Barding Armor
31:24 Heavy Plow
31:36 Bow Saw
31:32 Scale Mail Armor
31:23 Pikeman
32:04 Squires
32:02 Halberdier
33:44 Chain Mail Armor
34:03 Tower Shields
34:25 Conscription
35:09 Forging
35:46 Hand Cart
37:22 Redemption
37:29 Block Printing
OTTOMAN EMPİREEEEEEE5956
11:05 Feudal Age
14:42 Castle Age
15:03 Scale Barding Armor
15:10 Forging
15:32 Husbandry
14:55 Cavalier
18:54 Chain Barding Armor
20:07 Iron Casting
20:34 Double-Bit Axe
20:53 Horse Collar
28:39 Gold Mining
31:45 Loom
32:35 Wheelbarrow
31:46 Town Watch
32:32 Heavy Plow
38:30 Imperial Age
36:19 Hand Cart
37:05 Gold Shaft Mining
38:54 Scale Mail Armor
38:44 Fletching
38:54 Padded Archer Armor
39:18 Ballistics
38:47 Arson
38:23 Pikeman
39:05 Squires
39:37 Halberdier
41:19 Blast Furnace
40:34 Chain Mail Armor
40:16 Bodkin Arrow
40:03 Elite Skirmisher
41:27 Leather Archer Armor
42:34 Bow Saw
44:03 Chemistry
44:42 Town Patrol
45:14 Plate Mail Armor
44:44 Bracer
44:42 Light Cavalry
44:48 Paladin
46:01 Hussar
HAWK JAMOKA5956
7:23 Loom
9:59 Feudal Age
15:59 Castle Age
15:25 Double-Bit Axe
15:22 Horse Collar
17:07 Bow Saw
17:23 Husbandry
19:12 Heavy Plow
21:23 Bloodlines
23:46 Wheelbarrow
23:33 Gold Mining
26:35 Hand Cart
27:39 Gold Shaft Mining
26:57 Stone Mining
27:38 Forging
27:34 Scale Barding Armor
27:37 Squires
30:08 Iron Casting
29:34 Scale Mail Armor
29:55 Chain Barding Armor
29:37 Pikeman
30:04 Arson
33:54 Imperial Age
31:11 Town Watch
31:55 Chain Mail Armor
32:02 Town Patrol
33:47 Cavalier
33:50 Halberdier
35:49 Plate Barding Armor
36:15 Blast Furnace
35:46 Plate Mail Armor
35:17 Padded Archer Armor
35:07 Fletching
36:01 Stone Shaft Mining
36:29 Two-Man Saw
36:01 Crop Rotation
36:02 Elite War Elephant
36:08 Heavy Camel Rider
40:54 Bodkin Arrow
41:14 Leather Archer Armor
yusufcan5659
1:57 Loom
12:01 Feudal Age
12:36 Horse Collar
15:23 Double-Bit Axe
18:08 Castle Age
18:02 Stone Mining
25:33 Fletching
29:18 Fortified Wall
29:42 Fishing Lines
30:28 Bow Saw
33:40 Imperial Age
31:33 Heavy Plow
32:39 Wheelbarrow
31:50 Town Watch
32:04 Bodkin Arrow
32:09 Padded Archer Armor
32:49 Gold Mining
33:37 Stone Shaft Mining
33:06 Padded Archer Armor
34:20 Ballistics
36:02 Chemistry
35:04 Bracer
35:20 Leather Archer Armor
35:54 Elite Genoese Crossbowman
37:58 Ring Archer Armor
38:21 Crop Rotation
38:55 Two-Man Saw
38:31 Hand Cart
38:20 Town Patrol
39:04 Scale Mail Armor
39:14 Forging
Yuri
12:06 Feudal Age
16:27 Castle Age
14:39 Double-Bit Axe
20:36 Imperial Age
21:49 Gold Mining
26:10 Padded Archer Armor
27:42 Leather Archer Armor
36:18 Ring Archer Armor
41:44 Fortified Wall
49:44 Horse Collar
Connection lost

Rejoining the realm…

Still unreachable

The connection could not be restored.

Session expired

The server has moved on; the page needs a fresh start.